 Dungeon Crawl Stone Soup version 0.30-b1-2-g02819fbbbe (webtiles) character file.

Game seed: 7361570817335301221

72 sanka the Shield-Bearer (level 4, -6/35 HPs)
             Began as a Djinni Fighter on May 15, 2023.
             Mangled by a gnoll
             ... wielding a +0 flail
              (10 damage)
             ... on level 2 of the Dungeon.
             The game lasted 00:02:45 (1584 turns).

sanka the Shield-Bearer (Djinni Fighter)            Turns: 1584, Time: 00:02:46

Health: -6/35      AC:  7    Str: 15    XL:     4   Next: 50%
Gold:   81         EV:  8    Int: 11    God:
                   SH:  4    Dex: 13

rFire   + + .        a - +0 flail
rCold   x . .        c - +0 buckler
rNeg    . . .        b - +0 scale mail
rPois   ∞            (no helmet)
rElec   .            (no cloak)
rCorr   .            m - +0 pair of gloves
SInv    .            (boots unavailable)
Will    .....        (no amulet) Stlth
                     (no ring)
HPRegen 0.25/turn    (no ring)
MPRegen 0.00/turn

%: infuse magic (-7 HP)
@: flying
A: sickness immunity, fire resistance 2, cold vulnerability 1, float, innate
caster, HP casting, extra vitality 1
a: no special abilities


You were on level 2 of the Dungeon.
You visited 1 branch of the dungeon, and saw 2 of its levels.

You collected 81 gold pieces.

Inventory:

Hand Weapons
 a - a +0 flail (weapon)
Armour
 b - a +0 scale mail (worn)
 c - a +0 buckler (worn)
 m - a +0 pair of gloves (worn)
Jewellery
 e - a ring of fire
Scrolls
 g - 2 scrolls of identify {unknown}
 h - a scroll of enchant armour {unknown}
 i - a scroll of fog {unknown}
 l - a scroll of vulnerability {unknown}
Potions
 d - 2 potions of might
 f - 2 potions of brilliance {unknown}
 j - a potion of curing {unknown}
 k - a potion of mutation {unknown}
 n - 2 potions of resistance {unknown}


   Skills:
 - Level 3.0 Fighting
 - Level 1.5 Maces & Flails
 - Level 3.0 Armour
 - Level 3.0 Shields
 + Level 2.8 Spellcasting


You knew the following spells:

 Your Spells              Type           Power      Damage    Failure   Level
a - Slow                  Hex            28%        N/A       38%         1
Your spell library was empty.

Dungeon Overview and Level Annotations

Branches:
Dungeon (2/15)

Altars:

Shops:
D:2 ([:*[


Innate Abilities, Weirdness & Mutations

You are immune to sickness and miasma.
You are immune to poison.
Your flesh is very heat resistant. (rF++)
You are vulnerable to cold. (rC-)
You float through the air rather than walking.
You learn spells naturally, not from books.
Your magical power is your life essence.
You have superior vitality. (+4 MHP)


Message History

The goblin attacks as you move away! The goblin hits you with a +0 dagger.
The goblin attacks as you move away! The goblin hits you but does no damage.
The goblin attacks as you move away! The goblin closely misses you.
The goblin attacks as you move away! The goblin hits you but does no damage.
The goblin attacks as you move away! The goblin hits you with a +0 dagger.
The goblin attacks as you move away! The goblin hits you but does no damage.
The goblin attacks as you move away! The goblin hits you but does no damage.
The goblin barely misses you.
The gnoll throws a throwing net.
The throwing net hits you.
You become entangled in the net!
You see here a throwing net {=f}.
You struggle against the net.
The goblin hits you but does no damage.
You struggle against the net.
The goblin hits you but does no damage. The rat bites you but does no damage.
You struggle against the net.
The gnoll barely misses you.
The gnoll hits you from afar with a +0 spear.
The goblin hits you with a +0 dagger. The rat bites you but does no damage.
You tear a large gash into the net.
The gnoll hits you from afar with a +0 halberd.
The gnoll completely misses you. The goblin hits you but does no damage.
The rat bites you but does no damage.
You rip the net and break free!
The gnoll hits you from afar with a +0 halberd.
The gnoll hits you but does no damage.
The gnoll hits you from afar with a +0 spear.
The goblin hits you but does no damage. You block the rat's attack.
The rat attacks as you move away! The rat bites you but does no damage.
The gnoll hits you with a +0 flail!
* * * LOW HITPOINT WARNING * * *
The gnoll attacks as you move away! The gnoll hits you with a +0 flail.
* * * LOW HITPOINT WARNING * * *
The rat attacks as you move away! You block the rat's attack.
The gnoll attacks as you move away! The gnoll barely misses you.
The rat attacks as you move away! The rat misses you.
The rat attacks as you move away! The rat barely misses you.
The rat attacks as you move away! The rat bites you.
* * * LOW HITPOINT WARNING * * *
There is a stone staircase leading up here.
The gnoll hits you with a +0 flail!
You die...

########### #.........#
#.#######.# ###############.# #.#
#.............#.# #.#
####.....(.#####+#.#######.#
...#.......................######
...#.............rg....###...##..
................@gg....#.........
...†....(.......)gg..............
.....#......:....................
#................................
#............#.#.###.............
#............#.#...........#.....
##.#.........#.#...#.......#.g...
<.............................g..
......##.....#.#...........#.##g.


You could see 4 gnolls, a goblin and a rat.

Vanquished Creatures
  An adder (D:2)
  2 worms (D:2)
  3 dart slugs
  8 endoplasms
  3 giant cockroaches
  4 goblins
  2 hobgoblins (D:1)
  3 jackals (D:2)
  6 kobolds
  A quokka (D:2)
  5 ball pythons
  4 bats
  5 rats
47 creatures vanquished.

Vanquished Creatures (others)
  7 toadstools (D:2)
7 creatures vanquished.

Grand Total: 54 creatures vanquished

Notes
Turn   | Place    | Note
-------+----------+-------------------------------------------
     0 | D:1      | sanka the Djinni Fighter began the quest for the Orb.
     0 | D:1      | Reached XP level 1. HP: 20/20 MP: 0/0
    91 | D:1      | Found a faded altar of an unknown god.
   249 | D:1      | Reached skill level 1 in Spellcasting
   249 | D:1      | Reached XP level 2. HP: 19/25 MP: 0/0
   694 | D:1      | Reached XP level 3. HP: 30/30 MP: 0/0
   694 | D:1      | Learned a level 1 spell: Slow
   959 | D:2      | Found Hofyj's Assorted Antiques.
   972 | D:2      | Found Jiloxt's Book Emporium.
   999 | D:2      | Found Luocetz's Antique Armour Shop.
  1027 | D:2      | Found Bataon's Weapon Boutique.
  1261 | D:2      | Reached XP level 4. HP: 34/35 MP: 0/0
  1359 | D:2      | Found Daerch's Antique Armour Emporium.
  1584 | D:2      | Mangled by a gnoll

Illustrated notes

Levels and vault maps discovered:
D:1:      saegor_arrival_simple_c, layout_loops_ring,
          dreamdust_ecumenical_altar_hidden_monk_grotto, minmay_liquid_box
D:2:      cheibrodos_fertilizer, layout_basic, serial_shops, shop,
          nicolae_shop_behind_doors, shop, shop, shop, uniq_crazy_yiuf_cottage

Skill      XL: |  1  2  3 |
---------------+----------+-----
Spellcasting   | 1 2 |  2.8
Fighting       | |  3.0
Maces & Flails | |  1.5
Armour         | |  3.0
Shields        | |  3.0

Action                     |  1- 3 |  4- 6 || total
---------------------------+-------+-------++-------
  Melee: Flail             |   103 |    41 ||   144
 Armour: Scale mail        |    50 |    31 ||    81
  Dodge: Dodged            |    51 |    28 ||    79
  Block: Buckler           |    25 |    14 ||    39
